Map: Shrines of Lizul

Players

Darling - Winner!

  • Race: Zerg Zerg
  • Spawn Location: 12:00

PureLegacy - Winner!

  • Race: Terran Terran
  • Spawn Location: 3:00

Vanillasky

  • Race: Protoss Protoss
  • Spawn Location: 9:00

Boomz

  • Race: Zerg Zerg
  • Spawn Location: 6:00

VOD

Have the link to the VOD?

Description

Time

  • Played on: Nov. 21, 2018, 8:25 a.m.
  • Length: 7:58
Show
View Real Time Build Order
Export as new Build Order

Darling Zerg - Winner!

Build Orders: Pool First 

Get SALT Encoding   

  12  0:19  Spawning Pool  
  11  0:23  Drone  
  11  0:28  Drone  
  13  0:31  Drone  
  14  0:42  Overlord  
  14  1:05  Zergling x2  
  14  1:06  Zergling x4, Queen  
  19  1:12  Extractor  
  18  1:19  Zergling x2  
  19  1:28  Zergling x2  
  20  1:42  Zergling x2  
  21  1:56  Overlord  
  21  2:09  Drone  
  22  2:15  Zergling x2, Metabolic Boost  
  22  2:16  Zergling x4  
  22  2:21  Zergling x2  
  26  2:29  Zergling x2  
  27  2:42  Drone  
  28  2:49  Zergling x4  
  30  2:52  Hatchery  
  30  2:55  Overlord  
  29  3:14  Zergling x4  
  31  3:21  Zergling x4  
  31  3:22  Zergling x2  
  31  3:26  Queen  
  36  3:34  Overlord  
  36  3:50  Zergling x2  
  36  3:51  Zergling x2  
  20  4:23  Drone x2  
  23  4:24  Zergling x4  
  23  4:25  Zergling x2  
  25  4:38  Drone x2  
  27  4:39  Zergling x2  
  28  4:47  Spine Crawler  
  27  4:53  Zergling x2  
  27  4:54  Zergling x14  
  35  5:06  Zergling x4  
  37  5:14  Drone  
  38  5:26  Zergling x2  
  39  5:30  Zergling x2  
  39  5:31  Zergling x10  
  43  5:54  Overlord  
  37  5:57  Drone x2  
  37  5:58  Drone x3  
  37  5:59  Zergling x6  
  38  6:23  Zergling x2  
  30  6:39  Drone  
  30  6:40  Drone  
  30  6:42  Zergling x6  
  30  6:43  Zergling x6  
  32  6:56  Zergling x2  
  32  6:57  Zergling x2  
  32  7:04  Zergling x2  
  32  7:06  Zergling x2  
  33  7:16  Zergling x2  
  33  7:17  Zergling x6  
  35  7:26  Zergling x2  
Show
View Real Time Build Order
Export as new Build Order

PureLegacy Terran - Winner!

Build Orders:  

Get SALT Encoding   

  12  0:01  SCV  
  13  0:13  SCV  
  14  0:18  Supply Depot  
  14  0:25  SCV  
  15  0:29  Refinery  
  15  0:39  SCV  
  16  0:46  Barracks  
  16  0:52  SCV  
  17  1:03  Barracks  
  17  1:17  Barracks  
  17  1:22  SCV  
  18  1:33  Reaper  
  19  1:40  Orbital Command  
  19  1:50  Refinery  
  19  1:51  Reaper  
  20  2:05  Reaper, Supply Depot  
  21  2:09  Reaper  
  21  2:12  SCV  
  23  2:26  Reaper  
  23  2:27  SCV  
  23  2:28  Supply Depot  
  25  2:38  Reaper  
  26  2:46  Reaper  
  26  2:47  SCV  
  28  2:58  Reaper  
  29  3:10  Reaper  
  30  3:13  SCV  
  30  3:17  Command Center  
  30  3:18  Reaper  
  32  3:26  Supply Depot  
  32  3:31  Reaper  
  33  3:38  SCV  
  34  3:42  Reaper  
  35  3:55  Reaper  
  35  4:02  SCV  
  37  4:06  Barracks x2  
  37  4:07  Engineering Bay  
  37  4:13  Reaper  
  37  4:15  Reaper  
  29  4:19  SCV  
  30  4:28  Reaper  
  31  4:32  SCV  
  31  4:34  Orbital Command  
  31  4:37  Refinery  
  32  4:39  Terran Infantry Weapons Level 1  
  32  4:44  SCV  
  33  4:46  Reaper  
  34  4:56  Reaper x3  
  34  4:57  SCV  
  37  5:02  SCV  
  37  5:05  Reaper  
  39  5:08  Refinery  
  39  5:17  SCV  
  39  5:19  Reaper  
  41  5:28  Reaper x2  
  41  5:29  SCV  
  41  5:32  Reaper, Barracks  
  41  5:34  Barracks  
  44  5:38  SCV  
  44  5:40  Reaper  
  46  5:49  Supply Depot, SCV  
  47  5:51  Reaper  
  47  5:57  Supply Depot  
  48  6:00  Reaper x2  
  50  6:11  Reaper  
  51  6:13  Reaper  
  51  6:17  Supply Depot  
  52  6:23  Reaper x3  
  55  6:27  SCV x2  
  55  6:32  Reaper  
  58  6:33  Reaper  
  58  6:39  SCV x2  
  61  6:43  Reaper  
  62  6:47  Reaper  
  62  6:51  SCV x2  
  62  6:52  Supply Depot  
  65  6:55  Reaper x2  
  65  6:57  Bunker x2  
  65  6:59  Bunker  
  67  7:04  Reaper x2  
  67  7:07  SCV x2  
  67  7:08  Reaper  
  72  7:14  Barracks  
  72  7:15  Reaper  
  71  7:23  Reaper  
  73  7:41  SCV x2  
  76  7:45  Supply Depot  
Show
View Real Time Build Order
Export as new Build Order

Vanillasky Protoss 

Build Orders: Mass Adepts 

Get SALT Encoding   

  12  0:00  Probe  
  13  0:13  Probe  
  14  0:21  Pylon  
  14  0:25  Probe  
  15  0:37  Probe  
  15  0:40  Gateway  
  16  0:45  Probe  
  16  0:47  Assimilator  
  17  0:53  Probe  
  17  1:02  Probe  
  18  1:06  Assimilator  
  18  1:10  Probe  
  20  1:18  Gateway  
  20  1:19  Probe  
  21  1:29  Cybernetics Core  
  23  1:46  Pylon  
  23  2:02  Probe  
  23  2:06  Adept x2  
  26  2:14  Probe  
  27  2:21  Gateway  
  27  2:24  Robotics Facility  
  27  2:27  Warp Gate  
  27  2:28  Probe  
  28  2:34  Pylon  
  28  2:49  Adept  
  30  2:59  Adept  
  30  3:00  Pylon  
  30  3:05  Immortal  
  36  3:23  Adept  
  38  3:29  Probe  
  39  3:37  Adept x2  
  43  3:45  Pylon  
  43  3:55  Immortal  
  41  4:06  Sentry x2  
  49  4:21  Pylon  
  49  4:30  Adept  
  51  4:38  Warp Prism  
  53  4:41  Adept  
  53  4:44  Adept  
  56  4:56  Adept  
  58  5:04  Adept  
  58  5:44  Adept x2  
  62  5:56  Adept  
  39  6:31  Nexus, Adept  
  39  6:32  Adept  
Show
View Real Time Build Order
Export as new Build Order

Boomz Zerg 

Build Orders: 1 Base Baneling Bust, Pool First, Zergling Baneling 

Get SALT Encoding   

  12  0:21  Spawning Pool  
  11  0:31  Extractor  
  11  0:32  Overlord  
  11  0:35  Drone  
  11  0:39  Drone  
  12  0:45  Drone  
  13  1:08  Zergling x4  
  13  1:10  Queen  
  17  1:27  Zergling x4  
  19  1:36  Metabolic Boost  
  19  1:44  Zergling x2  
  20  1:53  Zergling x2  
  21  1:58  Drone  
  22  2:03  Baneling Nest  
  21  2:11  Drone  
  22  2:20  Extractor  
  21  2:34  Drone  
  21  2:35  Overlord  
  20  2:49  Zergling x2  
  20  2:59  Zergling x2  
  20  3:11  Zergling x4  
  20  3:12  Zergling x6  
  25  3:24  Zergling x2  
  24  3:55  Baneling x8  
  24  3:56  Baneling x5  
  12  4:19  Drone x2  
  13  4:29  Drone  
  14  4:43  Zergling x4  
  16  5:00  Queen  
  18  5:08  Drone x3  
  21  5:19  Baneling x4  
  21  5:35  Zergling x4  
  22  5:56  Baneling x2  
  7  7:00  Hatchery  
Tags
 
Add a new tag
Caveats
  • Supply blocks, unpowered buildings, or Contaminate may cause inaccurate times.
  • Supply counts are checked every 10 seconds.